 Dungeon Crawl Stone Soup version 0.29.1-12-g30fa7ad0bf (webtiles) character file.

Game seed: 1515879645334146604

1080 FexLirch the Destroyer (level 8, 0/42 (46) HPs)
             Began as an Octopode Conjurer on Dec 16, 2022.
             Was an Initiate of Ashenzari.
             Slain by a necrophage (4 damage)
             ... on level 5 of the Dungeon.
             The game lasted 00:12:47 (5094 turns).

FexLirch the Destroyer (Octopode Conjurer)          Turns: 5094, Time: 00:12:47

HP:   0/42 (46)     AC:  1    Str:  6    XL:     8   Next: 29%
MP:   11/11         EV: 13    Int: 23    God:    Ashenzari [......]
Gold: 214           SH:  0    Dex: 10    Spells: 5/11 levels left

rFire   . . .      SeeInvis .   q - +1 dagger (venom)
rCold   . . .      Faith    .   (no shield)
rNeg    . . .      Spirit   .   (helmet restricted)
rPois   .          Reflect  .   (no amulet)
rElec   .          Harm     .   (no ring)
rCorr   .          Rampage  .   (no ring)
Will    .....                   (no ring)
Stlth   +++.......              (no ring)
HPRegen 0.14/turn               (no ring)
MPRegen 0.12/turn               (no ring)
                                (no ring)
                                (no ring)

@: drained
A: almost no armour, amphibious, 8 rings, camouflage 1, gelatinous body 1,
(nimble swimmer 1), tentacles
a: Renounce Religion


You were on level 5 of the Dungeon.
You worshipped Ashenzari.
Ashenzari was noncommittal.
You visited 1 branch of the dungeon, and saw 5 of its levels.

You collected 214 gold pieces.

Inventory:

Hand Weapons
 q - a +1 dagger of venom (weapon)
 s - a +0 hand axe of distortion
Missiles
 f - 2 poisoned darts
Wands
 e - a wand of paralysis (8)
 m - a wand of acid (3)
Scrolls
 d - 3 scrolls of magic mapping
 i - a scroll of butterflies {unknown}
 j - a scroll of torment
 o - a scroll of blinking {unknown}
 p - a scroll of teleportation {unknown}
 r - a scroll of vulnerability {unknown}
 t - a scroll of identify
Potions
 a - 4 potions of magic
 b - a potion of lignification {unknown}
 c - a potion of heal wounds {unknown}
 h - 2 potions of cancellation
 k - a potion of berserk rage {unknown}
 l - 3 potions of curing {unknown}
 n - a potion of brilliance {unknown}


   Skills:
 - Level 2.0 Dodging
 - Level 2.8 Stealth
 - Level 2.0 Spellcasting
 * Level 9.2 Conjurations
 + Level 4.2 Earth Magic


You had 5 spell levels left.
You knew the following spells:

 Your Spells              Type           Power      Damage    Failure   Level
a - Magic Dart            Conj           100%       1d8       1%          1
b - Searing Ray           Conj           90%        2d7       1%          2
c - Stone Arrow           Conj/Erth      66%        3d11      2%          3

Your spell library contained the following spells:

 Spells                   Type           Power      Damage    Failure   Level
 Sandblast                Erth           44%        2d11      2%          1
 Dazzling Flash           Conj/Hex       46%        N/A       6%          3
 Passwall                 Tmut/Erth      10%        N/A       9%          2
 Ensorcelled Hibernation  Hex/Ice        4%         N/A       19%         2
 Fulminant Prism          Conj/Hex       11%        3d9       19%         4
 Iskenderun's Mystic Bla  Conj/Tloc      23%        2d6       19%         4
 Inner Flame              Hex/Fire       2%         N/A       36%         3
 Swiftness                Air            2%         N/A       36%         3
 Cause Fear               Hex            1%         N/A       77%         4
 Discord                  Hex            1%         N/A       100%        8


Dungeon Overview and Level Annotations

Branches:
Dungeon (5/15)
 Temple: D:4-7

Altars:
Ashenzari
Dithmenos
Fedhas
Nemelex Xobeh
Sif Muna

Annotations:
D:3 Sigmund


Innate Abilities, Weirdness & Mutations

You cannot wear most types of armour.
You are amphibious.
You can wear up to eight rings at the same time.
Your skin changes colour to match your surroundings (Stealth+).
Your rubbery body absorbs attacks. (AC +1, EV +1)
((You are camouflaged when in or above water. (Stealth+)))
You have tentacles for arms and can constrict up to eight enemies at once.


Message History

* * * LOW HITPOINT WARNING * * *
Unknown command.
Unknown command.
Things that are here:
a +0 morningstar; a +0 scale mail Unknown command.
Unknown command.
There is a stone staircase leading up, spattered with blood here.
The necrophage attacks as you move away!
The necrophage barely misses you.
The necrophage attacks as you move away!
The necrophage closely misses you.
The necrophage attacks as you move away!
The necrophage hits you.
* * * LOW HITPOINT WARNING * * *
You feel drained.
* * * LOW HITPOINT WARNING * * *
The necrophage attacks as you move away!
The necrophage hits you.
* * * LOW HITPOINT WARNING * * *
You are confused.
You feel invigorated. The necrophage hits you.
* * * LOW HITPOINT WARNING * * *
The necrophage barely misses you.
You feel less invigorated.
You feel less confused. The necrophage hits you.
* * * LOW HITPOINT WARNING * * *
You feel drained.
The necrophage attacks as you move away!
The necrophage hits you.
* * * LOW HITPOINT WARNING * * *
A black bear comes into view.
The necrophage attacks as you move away!
The necrophage hits you.
* * * LOW HITPOINT WARNING * * *
You feel drained.
The necrophage attacks as you move away!
The necrophage hits you.
You die...

.......... .........
......... ......... ......#.#
##### # ....$[..### #... #.
........<.# ###.## #..
......#)#.#####..(.# ####...
#......#....@n....#####.....#
##....#####.......##....<..#
##... #...##.......#.....#
#... #.####.....#.#.....#
..... ....................#
..#...######.....#####.....#
..##... .....### ###.....# .#
.... ...##.## ###.......#
...#..####...#.)[..#


You could see a necrophage.

Vanquished Creatures
  Duvessa (D:5)
  An ice beast (D:4)
  A black bear (D:4)
  4 phantoms
  2 necrophages (D:4)
  Dowan (D:5)
  A jelly (D:5)
  An iguana (D:5)
  Ijyb (D:3)
  3 orc wizards
  A gnoll (D:1)
  5 adders
  An ufetubus (D:5)
  3 worms
  2 dart slugs (D:1)
  10 orcs
  7 endoplasms
  7 giant cockroaches
  6 goblins
  8 hobgoblins
  10 quokkas
  7 ball pythons
  5 bats
  5 frilled lizards
  6 kobolds
  8 rats
107 creatures vanquished.

Notes
Turn   | Place    | Note
-------+----------+-------------------------------------------
     0 | D:1      | FexLirch the Octopode Conjurer began the quest for the Orb.
     0 | D:1      | Reached XP level 1. HP: 11/11 MP: 3/3
   182 | D:1      | Reached XP level 2. HP: 17/17 MP: 3/5
   210 | D:1      | Learned a level 2 spell: Searing Ray
   616 | D:1      | Reached XP level 3. HP: 20/21 MP: 0/6
   736 | D:1      | Reached skill level 5 in Conjurations
   955 | D:1      | Found a faded altar of an unknown god.
  1504 | D:2      | Reached XP level 4. HP: 13/27 MP: 0/7
  1656 | D:2      | Found a shadowy altar of Dithmenos.
  2399 | D:3      | Noticed Ijyb
  2407 | D:3      | Killed Ijyb
  2408 | D:3      | Reached skill level 6 in Conjurations
  2408 | D:3      | Reached XP level 5. HP: 26/31 MP: 2/8
  2628 | D:3      | Found a sparkling altar of Nemelex Xobeh.
  2630 | D:3      | Found a shadowy altar of Dithmenos.
  2668 | D:3      | Noticed Sigmund
  3013 | D:3      | Learned a level 3 spell: Stone Arrow
  3239 | D:4      | Noticed a black bear
  3243 | D:4      | Killed a black bear
  3244 | D:4      | Reached skill level 7 in Conjurations
  3244 | D:4      | Reached skill level 1 in Earth Magic
  3244 | D:4      | Reached XP level 6. HP: 36/36 MP: 2/9
  3623 | D:4      | Reached XP level 7. HP: 41/41 MP: 3/10
  3913 | D:4      | Found a broken altar of Ashenzari.
  4062 | D:4      | Reached skill level 8 in Conjurations
  4215 | D:4      | Found a blossoming altar of Fedhas.
  4341 | D:4      | Became a worshipper of Ashenzari the Shackled
  4371 | D:5      | Entered Level 5 of the Dungeon
  4476 | D:5      | Found a shimmering blue altar of Sif Muna.
  4748 | D:5      | Noticed Dowan
  4748 | D:5      | Noticed Duvessa
  4870 | D:5      | Killed Duvessa
  4871 | D:5      | Reached XP level 8. HP: 46/46 MP: 3/11
  4937 | D:5      | Killed Dowan
  4938 | D:5      | Reached skill level 9 in Conjurations
  5089 | D:5      | HP: 1/44 [necrophage (5)]
  5094 | D:5      | Slain by a necrophage

Illustrated notes

Levels and vault maps discovered:
D:1:      lightli_arrival_statuegarden, layout_loops_ring,
          shapermc_ecumenical_altar_mp_vishouse, hangedman_feature_mirror,
          minmay_small_reverse_x
D:2:      layout_rooms, basic_altar, minmay_tetromino_t4
D:3:      layout_rooms, gammafunk_temple_overflow_forgotten,
          mainiacjoe_overflow_alcove_2, kennysheep_boxes, uniq_ijyb,
          uniq_sigmund
D:4:      layout_basic, nicolae_overflow_crystal_walls,
          mainiacjoe_overflow_surrounded_room
D:5:      layout_rooms, general_overflow_altar, lemuel_round_altar, uniq_duvessa

Skill      XL: |  1  2  3  4  5  6  7  8 |
---------------+-------------------------+-----
Conjurations   | 5 6 7 8 9 |  9.2
Earth Magic    | 1 2 3 4 |  4.2
Dodging        | |  2.0
Stealth        | |  2.8
Spellcasting   | |  2.0

Action                   |  1- 3 |  4- 6 |  7- 9 || total
-------------------------+-------+-------+-------++-------
Melee: Unarmed           |    23 |     3 |       ||    26
       Constrict         |     7 |     6 |     1 ||    14
       Tentacles         |     7 |     7 |     2 ||    16
       Punch             |     1 |       |       ||     1
       Dagger            |       |    27 |    16 ||    43
Throw: Dart              |     3 |     3 |       ||     6
 Cast: Magic Dart        |    47 |    71 |    40 ||   158
       Searing Ray       |     5 |     3 |     2 ||    10
       Stone Arrow       |       |     7 |    15 ||    22
  Use: Scroll            |       |     4 |       ||     4
       Potion            |       |       |     1 ||     1
 Stab: Sleeping          |     3 |     4 |       ||     7
Armor: Skin              |     2 |       |     1 ||     3
Dodge: Dodged            |    12 |    21 |    21 ||    54
